 Dungeon Sprint DCSS version 0.29-a0-925-g0a7a3d12f8 (webtiles) character file.

Game seed: 17122477404726741941

10 Hipnos the Slasher (level 2, -1/29 HPs)
             Began as a Gnoll Chaos Knight on July 29, 2022.
             Was a Plaything of Xom.
             Slain by an iron imp (9 damage)
             ... summoned by Xom
             ... in the Dungeon (Sprint II: "The Violet Keep of Menkaure").
             The game lasted 00:00:36 (199 turns).

Hipnos the Slasher (Gnoll Chaos Knight)              Turns: 199, Time: 00:00:39

Health: -1/29      AC:  5    Str: 11    XL:     2   Next: 20%
Magic:  3/3        EV: 12    Int: 11    God:    Xom [*.....]
Gold:   243        SH:  0    Dex: 11    Spells: 3/3 levels left

rFire   . . .      SeeInvis .   a - +0 falchion (chaos)
rCold   . . .      Faith    .   (no shield)
rNeg    . . .      Spirit   .   b - +2 leather armour
rPois   .          Reflect  .   (no helmet)
rElec   .          Harm     .   (no cloak)
rCorr   .          Rampage  .   (no gloves)
Will    .....      NoTele   +   (no boots)
Stlth   +.........              (no amulet)
HPRegen 0.09/turn               (no ring)
MPRegen 0.08/turn               (no ring)

@: mesmerised
A: fangs 1, strong nose, distributed training
a: Renounce Religion


You were in the Dungeon.
You worshipped Xom.
You were a special plaything of Xom.
You visited 1 branch You collected 243 gold pieces.

Inventory:

Hand Weapons
 a - a +0 falchion of chaos (weapon)
Armour
 b - a +2 leather armour (worn)
Scrolls
 i - a scroll of blinking
Potions
 d - a potion of curing
 f - a potion of haste
 g - 2 potions of magic
 h - a potion of berserk rage
Miscellaneous
 c - a piece from Xom's chessboard (15/15) (quivered)


   Skills:
 + Level 6.6 Fighting
 + Level 1.2 Short Blades
 + Level 6.6 Long Blades
 + Level 1.2 Axes
 + Level 1.2 Maces & Flails
 + Level 1.2 Polearms
 + Level 1.2 Staves
 + Level 1.2 Ranged Weapons
 + Level 1.2 Throwing
 + Level 4.7 Armour
 + Level 2.8 Dodging
 + Level 1.2 Stealth
 + Level 1.2 Shields
 + Level 1.2 Unarmed Combat
 + Level 1.2 Spellcasting
 + Level 1.0 Conjurations
 + Level 1.0 Hexes
 + Level 1.0 Summonings
 + Level 1.0 Necromancy
 + Level 1.0 Translocations
 + Level 1.0 Transmutations
 + Level 1.0 Fire Magic
 + Level 1.0 Ice Magic
 + Level 1.0 Air Magic
 + Level 1.0 Earth Magic
 + Level 1.0 Poison Magic
 + Level 1.4 Invocations
 + Level 1.2 Evocations


You had 3 spell levels left.
You didn't know any spells.
Your spell library was empty.

Dungeon Overview and Level Annotations

Branches:
Dungeon (1/1)

Altars:

Shops:
D :?=[=[?=!!


Innate Abilities, Weirdness & Mutations

You have very sharp teeth.
Your uncanny sense of smell can sniff out nearby items.
Your experience applies equally to all skills.


Message History

You slash the merfolk siren! You freeze the merfolk siren.
The merfolk siren is moderately wounded.
You hear Xom's maniacal laughter.
The merfolk siren misses you.
You hit the merfolk siren. You freeze the merfolk siren.
Your bite misses the merfolk siren.
The merfolk siren is moderately wounded.
The merfolk siren chants its luring song.
You hit the merfolk siren. You freeze the merfolk siren.
The merfolk siren is heavily wounded.
The merfolk siren chants its luring song.
The iron imp shouts, "Escape, thou obnoxious ditch-delivered barnacle!"
You hit the merfolk siren. You freeze the merfolk siren.
The merfolk siren is severely wounded.
The merfolk siren chants its luring song.
The iron imp hits you!
You hit the merfolk siren.
The merfolk siren's magic leaks into the air.
The merfolk siren is severely wounded.
The shadow imp gestures at you. Pain shoots through your body!
The merfolk siren falters for a moment.
The iron imp closely misses you.
You hit the merfolk siren but do no damage.
Your bite misses the merfolk siren.
The merfolk siren is severely wounded.
The merfolk siren falters for a moment.
The iron imp hits you.
You hit the merfolk siren.
The merfolk siren's magic leaks into the air.
The merfolk siren is severely wounded.
The shadow imp shouts, "Bolt, thou pottle-deep pigeon-egg dandiprat!"
The shadow imp hits you.
The merfolk siren falters for a moment.
You hit the merfolk siren but do no damage.
The merfolk siren is poisoned.
The merfolk siren is severely wounded.
The shadow imp gestures at you. Pain shoots through your body!
* * * LOW HITPOINT WARNING * * *
The iron imp hits you!
You die...
Xom thinks this is hilarious!

######≈ ∆ ..∩.∩#≈ ∆
.∩.∩.#≈ ∆ ∩.∩..#≈ ∆∆
.∩...#≈ ### ∆ ##
.....#≈##.###+###.##
∆
.∩...#≈#...##.##.5.#
+≈'##†'†<.5@#∆
.∩.∩.#≈#.####.##.m.#
▓▓▓###≈##†# #+###.##
######≈ ## ∆ ## ∆ ##
∆ ∆ ∆ ∆


You could see a merfolk siren (mesmerising, very poisoned, magic disrupted), an
iron imp (summoned) and a shadow imp (summoned).

Vanquished Creatures
  3 worms (D)
3 creatures vanquished.

Vanquished Creatures (others)
  A water moccasin (D)
1 creature vanquished.

Grand Total: 4 creatures vanquished

Notes
Turn   | Place    | Note
-------+----------+-------------------------------------------
     0 | D        | Hipnos the Gnoll Chaos Knight began the quest for the Orb.
     0 | D        | Reached XP level 1. HP: 23/23 MP: 1/1
    19 | D        | HP: 1/23 [worm (5)]
    24 | D        | Reached skill level 1 in Short Blades
    24 | D        | Reached skill level 1 in Axes
    24 | D        | Reached skill level 1 in Maces & Flails
    24 | D        | Reached skill level 1 in Polearms
    24 | D        | Reached skill level 1 in Staves
    24 | D        | Reached skill level 1 in Ranged Weapons
    24 | D        | Reached skill level 1 in Throwing
    24 | D        | Reached skill level 1 in Stealth
    24 | D        | Reached skill level 1 in Shields
    24 | D        | Reached skill level 1 in Unarmed Combat
    24 | D        | Reached skill level 1 in Spellcasting
    24 | D        | Reached skill level 1 in Invocations
    24 | D        | Reached skill level 1 in Evocations
    24 | D        | Reached XP level 2. HP: 22/29 MP: 3/3
    42 | D        | XOM: silly message
   100 | D        | Found Waibosis's Distillery.
   101 | D        | Found Kiupsov's Jewellery Shoppe.
   101 | D        | Found Vely's Antique Armour Emporium.
   101 | D        | Found Qeomatis's Jewellery Shoppe.
   101 | D        | Found Appim's Magic Scroll Shoppe.
   101 | D        | Found Irung's Book Emporium.
   101 | D        | Found Heask's Jewellery Shoppe.
   101 | D        | Found Kowen's Magic Scroll Emporium.
   101 | D        | Found Oxucw's Distillery.
   101 | D        | Found Botoeh's Antique Armour Emporium.
   108 | D        | Reached skill level 1 in Conjurations
   108 | D        | Reached skill level 1 in Hexes
   108 | D        | Reached skill level 1 in Summonings
   108 | D        | Reached skill level 1 in Necromancy
   108 | D        | Reached skill level 1 in Translocations
   108 | D        | Reached skill level 1 in Transmutations
   108 | D        | Reached skill level 1 in Fire Magic
   108 | D        | Reached skill level 1 in Ice Magic
   108 | D        | Reached skill level 1 in Air Magic
   108 | D        | Reached skill level 1 in Earth Magic
   108 | D        | Reached skill level 1 in Poison Magic
   108 | D        | Killed a water moccasin
   189 | D        | Noticed a merfolk siren
   192 | D        | XOM: summons 2 hostile demons
   199 | D        | Slain by an iron imp

Illustrated notes

Levels and vault maps discovered:
D:        the_violet_keep_of_menkaure [sprint2_stairs_cluster_1,
          sprint2_shoproom, sprint2_temple, sprint2_basic_supplies,
          sprint2_obstacle_3, sprint2_obstacle_2, sprint2_obstacle_6,
          sprint2_obstacle_4, sprint2_obstacle_5, sprint2_timed_cluster_1,
          sprint2_smallroom_cluster_1, sprint2_smallroom_final_cluster_1,
          sprint2_transparent_cluster_1, sprint2_second_timed_cluster_1,
          sprint2_sniper_area_1, sprint2_heavy_combat_area_1,
          sprint2_mutation_trap_area_1, sprint2_forest_area_1,
          sprint2_light_combat_area_1, sprint2_behind_water_1,
          sprint2_near_end_vault_1]

Skill      XL: |  1  2 |
---------------+-------+-----
Short Blades   | 1 |  1.2
Axes           | 1 |  1.2
Maces & Flails | 1 |  1.2
Polearms       | 1 |  1.2
Staves         | 1 |  1.2
Ranged Weapons | 1 |  1.2
Throwing       | 1 |  1.2
Stealth        | 1 |  1.2
Shields        | 1 |  1.2
Unarmed Combat | 1 |  1.2
Spellcasting   | 1 |  1.2
Invocations    | 1 |  1.4
Evocations     | 1 |  1.2
Conjurations   | 1 |  1.0
Hexes          | 1 |  1.0
Summonings     | 1 |  1.0
Necromancy     | 1 |  1.0
Translocations | 1 |  1.0
Transmutations | 1 |  1.0
Fire Magic     | 1 |  1.0
Ice Magic      | 1 |  1.0
Air Magic      | 1 |  1.0
Earth Magic    | 1 |  1.0
Poison Magic   | 1 |  1.0
Fighting       | |  6.6
Long Blades    | |  6.6
Armour         | |  4.7
Dodging        | |  2.8

Action                   || total
-------------------------++-------
Melee: Falchion          ||    29
       Bite              ||     3
  Use: Potion            ||     1
Armor: Leather armour    ||     1
Dodge: Dodged            ||    10

Table legend: (Time is in decaauts)
 A = Elapsed time spent in this place.
 B = Non-inter-level travel time spent in this place.
 C = Inter-level travel time spent in this place.
 D = Time resting spent in this place.
 E = Time spent auto-exploring this place.
 F = Levels seen in this place.
 G = Mean time per level.
                   A        B        C        D        E       F      G
               +--------+--------+--------+--------+--------+-----+--------+
         Total |    198 |    198 |      0 |    143 |      0 |   1 |  198.0 |
       Dungeon |    198 |    198 |      0 |    143 |      0 |   1 |  198.0 |
               +--------+--------+--------+--------+--------+-----+--------+

Top non-repeatable levels by time:
       D: 198 daAuts
